 Dungeon Crawl Stone Soup version 0.32-a0-938-g40ac7a0f4d (webtiles) character file.

Game seed: 953176149932604459

785 ragingrage the Cudgeller (level 7, -7/33 (35) HPs)
             Began as a Vine Stalker Delver on Apr 15, 2024.
             Was a Believer of Uskayaw.
             Mangled by Crazy Yiuf
             ... wielding a +4 quarterstaff of chaos
              (11 damage)
             ... on level 2 of the Dungeon.
             The game lasted 00:03:44 (2188 turns).

ragingrage the Cudgeller (Vine Stalker Delver)      Turns: 2188, Time: 00:03:44

HP:   -7/33 (35)    AC:  5    Str: 17    XL:     7   Next: 86%
MP:   0/8           EV: 10    Int: 10    God:    Uskayaw [**....]
Gold: 153           SH:  0    Dex: 15    Spells: 6/6 levels left

rFire   . . .        b - +0 morningstar (drain)
rCold   . . .        (no shield)
rNeg    . . .        h - +0 leather armour
rPois   .            (no helmet)
rElec   .            s - +0 cloak
rCorr   .            (no gloves)
SInv    .            n - +0 pair of boots
Will    .....        o - amulet of faith
Stlth   +++          (no ring)
HPRegen 1.05/turn    (no ring)
MPRegen 0.11/turn

%: guardian spirit, faith
@: fragile (+50% incoming damage), drained
A: fangs 2, regeneration 1, magic shield, antimagic bite, no potion heal 2
a: Renounce Religion, Stomp, Line Pass


You were on level 2 of the Dungeon.
You worshipped Uskayaw.
Uskayaw was noncommittal.
You visited 1 branch of the dungeon, and saw 5 of its levels.

You collected 153 gold pieces.

Inventory:

Hand Weapons
 a - a +0 short sword of electrocution
 b - a +0 morningstar of draining (weapon)
 y - a +1 dagger of speed
Missiles
 k - 3 curare-tipped darts (quivered)
 p - 2 poisoned darts
Armour
 h - a +0 leather armour (worn)
 n - a +0 pair of boots (worn)
 s - a +0 cloak (worn)
Jewellery
 o - an amulet of faith (around neck)
Wands
 g - a wand of digging (3)
 i - a wand of polymorph (7)
 q - a wand of charming (8)
Scrolls
 c - a scroll of fog
 d - 2 scrolls of revelation
 e - a scroll of fear
 j - 3 scrolls of identify {unknown}
 r - a scroll of enchant armour {unknown}
 u - 3 scrolls of enchant weapon {unknown}
 B - a scroll of brand weapon {unknown}
 C - 2 scrolls of noise {unknown}
Potions
 f - a potion of haste
 l - 2 potions of degeneration {unknown}
 m - a potion of lignification {unknown}
 t - a potion of brilliance {unknown}
 v - 4 potions of curing
 w - 2 potions of ambrosia {unknown}
 x - a potion of cancellation {unknown}
 z - a potion of heal wounds {unknown}
 A - a potion of invisibility {unknown}
 D - a potion of might {unknown}


   Skills:
 - Level 2.6 Fighting
 + Level 4.5 Short Blades
 - Level 6.3 Maces & Flails
 - Level 1.5 Dodging
 - Level 6.0 Stealth


You had 6 spell levels left.
You didn't know any spells.
Your spell library contained the following spells:

 Spells                   Type           Power      Damage    Failure   Level
 Kiss of Death            Conj/Necr      0%         2d5       43%         1
 Slow                     Hex            0%         N/A       43%         1
 Confusing Touch          Hex            0%         N/A       80%         3
 Vampiric Draining        Necr           0%         2d6       80%         3
 Dispel Undead            Necr           0%         3d6       99%         4
 Iskenderun's Battlesphe  Conj           0%         2d6       100%        5
 Bombard                  Conj/Erth      0%         9d1       100%        6
 Spellforged Servitor     Conj/Summ      0%         N/A       100%        7


Dungeon Overview and Level Annotations

Branches:
Dungeon (6/15)
 Temple: D:4-7

Altars:
Hepliaklqana
Nemelex Xobeh
Uskayaw

Shops:
D:4 (   D:5 (

Annotations:
D:2 Crazy Yiuf
D:5 exclusions: bombardier beetle and water moccasin


Innate Abilities, Weirdness & Mutations

You have extremely sharp teeth.
Your natural rate of healing is unusually fast.
When hurt, damage is shared between your health and your magic reserves.
Your bite disrupts and absorbs the magic of your enemies.
Potions cannot restore your health.


Message History

You open the door.
There is an open translucent door here.
You hear the crackle of electricity.
a - a +0 short sword of electrocution (weapon)
Crazy Yiuf shouts!
Crazy Yiuf hits you with a +4 quarterstaff of chaos.
You are electrocuted!
You barely miss Crazy Yiuf. You bite Crazy Yiuf. You drain his power.
You feel invigorated. Crazy Yiuf barely misses you.
You closely miss Crazy Yiuf.
Crazy Yiuf screams, "Shadow!"
Crazy Yiuf misses you.
Your +0 short sword of electrocution stops crackling.
You sense an unholy aura.
b - a +0 morningstar of draining (weapon)
You hit Crazy Yiuf. You bite Crazy Yiuf. You drain his power.
Crazy Yiuf cries, "Orb!
Line green fast."
Crazy Yiuf barely misses you.
You can now pass through a line of other dancers.
You barely miss Crazy Yiuf. Your bite misses Crazy Yiuf.
Crazy Yiuf says, "Flower eyeball seventy!"
Crazy Yiuf hits you with a +4 quarterstaff of chaos.
You feel drained. Crazy Yiuf closely misses you.
You sock Crazy Yiuf! You bite Crazy Yiuf, but do no damage.
Crazy Yiuf hits you but does no damage.
Your body becomes as fragile as glass!
You closely miss Crazy Yiuf.
Crazy Yiuf hits you with a +4 quarterstaff of chaos.
You feel drained.
You barely miss Crazy Yiuf.
Crazy Yiuf hits you with a +4 quarterstaff of chaos!
* * * LOW HITPOINT WARNING * * *
You are lethally poisoned!
You closely miss Crazy Yiuf. Your bite misses Crazy Yiuf.
* * * LOW HITPOINT WARNING * * *
You feel very sick. Crazy Yiuf misses you.
It was a potion of curing.
Your system rejects the healing.
You feel better.
Crazy Yiuf hits you with a +4 quarterstaff of chaos!
You die...
Your body falls in perfect tune with the rhythm.

### ### ## ###.######.# #<
...........# #. ###.######.# #.
#...## #.# #. ..#..# #.# #######
#. .###.## #.# ########.#.P.###
#. ..#...## #.#
#รท..##..#..P...###. #...#..###.#
#g@.'.####P.....##. ##......##.#
#)..### ##..#..... #...###....##
##### ########. ..#..###....# #.
.###.# #....# #. ..#..# #....###
#.
#...######....##################.
..............................>#.
########################..####.#.


You could see Crazy Yiuf.

Vanquished Creatures
  Sigmund (D:2)
  Menkaure (D:4)
  A phantom (D:4)
  A bombardier beetle (D:5)
  3 hounds
  An orc priest (D:3)
  A sleepcap (D:5)
  An iguana (D:4)
  An orc wizard (D:3)
  Natasha (twice) (D:3)
  6 gnolls
  4 adders
  2 ribbon worms
  A dart slug (D:3)
  10 orcs
  3 bats
  An endoplasm (D:4)
  A giant cockroach (D:4)
  7 goblins
  6 hobgoblins
  3 jackals (D:3)
  6 kobolds
  2 rats (D:3)
65 creatures vanquished.

Notes
Turn   | Place    | Note
-------+----------+-------------------------------------------
     0 | D:5      | ragingrage the Vine Stalker Delver began the quest for the
                  | Orb.
     0 | D:5      | Reached XP level 1. HP: 11/11 MP: 2/2
    51 | D:6      | Noticed a wight
    68 | D:5      | Noticed a bombardier beetle
   166 | D:6      | Noticed an ice beast
   207 | D:4      | Noticed a phantom
   211 | D:5      | Noticed a hound
   235 | D:5      | Killed a hound
   236 | D:5      | Reached XP level 2. HP: 9/16 MP: 0/3
   236 | D:5      | Reached XP level 3. HP: 11/19 MP: 0/4
   293 | D:5      | Noticed a water moccasin
   369 | D:5      | Reached skill level 1 in Maces & Flails
   369 | D:5      | Reached XP level 4. HP: 18/23 MP: 1/5
   494 | D:4      | Noticed Menkaure
   497 | D:5      | Found Zaddigh's Weapon Shoppe.
   508 | D:5      | Reached XP level 5. HP: 20/27 MP: 3/6
   664 | D:4      | Killed Menkaure
   665 | D:4      | Reached XP level 6. HP: 21/32 MP: 4/7
   697 | D:4      | Found Yryeki's Weapon Shop.
   713 | D:4      | Found a hide-covered altar of Uskayaw.
   722 | D:4      | Became a worshipper of Uskayaw the Reveller
   771 | D:4      | Reached * piety under Uskayaw
   772 | D:4      | Reached ** piety under Uskayaw
   773 | D:4      | Reached skill level 5 in Maces & Flails
   859 | D:3      | Found a sparkling altar of Nemelex Xobeh.
  1052 | D:3      | Reached XP level 7. HP: 21/35 MP: 6/8
  1055 | D:3      | Reached *** piety under Uskayaw
  1062 | D:3      | Reached **** piety under Uskayaw
  1232 | D:3      | Noticed Natasha
  1240 | D:3      | Killed Natasha
  1311 | D:3      | Found a hazy altar of Hepliaklqana.
  1451 | D:3      | Noticed Natasha
  1459 | D:3      | Killed Natasha
  1761 | D:2      | Noticed Sigmund
  1788 | D:2      | Killed Sigmund
  1873 | D:2      | Found a runed translucent door.
  1874 | D:2      | Noticed Crazy Yiuf
  2188 | D:2      | Mangled by Crazy Yiuf

Illustrated notes

Levels and vault maps discovered:
D:2:      layout_basic, grunt_ministairs_2, minmay_strange_pillars,
          minmay_misc_feat_doors, hex_tiny, st_stairs_8,
          kennysheep_generic_room_2, uniq_sigmund, uniq_crazy_yiuf_cottage
D:3:      layout_loops_cross, general_overflow_altar,
          nicolae_hepliaklqana_hazy_memory, uniq_natasha
D:4:      layout_cave_pools, mainiacjoe_overflow_catwalk,
          minmay_temple_entry_enclosed_plants, serial_shops,
          nicolae_shop_getting_attention, amcnicky_mini_rare_corridor_liquid,
          uniq_pikel, uniq_menkaure, uniq_eustachio
D:5:      layout_cave_pools, nicolae_ru_path_of_blood, serial_shops,
          nicolae_shop_peninsula, feat_on_display
D:6:      layout_gridville, xom_redecorated, palyth_stone_intersect

Skill      XL: |  1  2  3  4  5  6  7 |
---------------+----------------------+-----
Short Blades   | 3 4 |  4.5
Maces & Flails | 1 2 4 5 6 |  6.3
Fighting       | |  2.6
Dodging        | |  1.5
Stealth        | |  6.0

Action                     |  1- 3 |  4- 6 |  7- 9 || total
---------------------------+-------+-------+-------++-------
  Melee: Morningstar       |    21 |    46 |    79 ||   146
         Short sword       |     8 |       |     4 ||    12
         Bite              |    11 |     6 |    21 ||    38
  Throw: Dart              |       |     3 |       ||     3
    Use: Potion            |       |     1 |     1 ||     2
   Stab: Sleeping          |     1 |     2 |     8 ||    11
         Paralysed         |       |       |     2 ||     2
 Armour: Leather armour    |    21 |    30 |    51 ||   102
  Dodge: Dodged            |    19 |    30 |    41 ||    90

Table legend: (Time is in decaauts)
 A = Elapsed time spent in this place.
 B = Non-inter-level travel time spent in this place.
 C = Inter-level travel time spent in this place.
 D = Time resting spent in this place.
 E = Time spent auto-exploring this place.
 F = Levels seen in this place.
 G = Mean time per level.
                   A        B        C        D        E       F      G
               +--------+--------+--------+--------+--------+-----+--------+
         Total |   2209 |   2133 |     76 |    184 |   1220 |   5 |  441.8 |
       Dungeon |   2209 |   2133 |     76 |    184 |   1220 |   5 |  441.8 |
               +--------+--------+--------+--------+--------+-----+--------+

Top non-repeatable levels by time:
     D:3: 653 daAuts
     D:2: 597 daAuts
     D:5: 475 daAuts
     D:4: 403 daAuts
     D:6: 79 daAuts
